 Dungeon Crawl Stone Soup version 0.20-a0-1122-gb7cbeb9 (webtiles) character file.

2282 MydosGodOfBeginnings the Thaumaturge (level 9, -8/52 HPs)
             Began as a Mummy Summoner on May 12, 2017.
             Was a Believer of Hepliaklqana.
             Mangled by an orc knight
             ... wielding a +0 halberd
              (46 damage)
             ... in a bailey.
             The game lasted 00:49:14 (7466 turns).

MydosGodOfBeginnings the Thaumaturge (MuSu)         Turns: 7466, Time: 00:49:15

Health: -8/52      AC:  4    Str: 16    XL:     9   Next: 16%
Magic:  1/21       EV: 12    Int: 17    God:    Hepliaklqana [**....]
Gold:   368        SH:  0    Dex: 12    Spells: 8/25 levels left

rFire    . . .     SeeInvis .   h - +1 hand axe (venom)
rCold    + . .     Gourm    .   (no shield)
rNeg     + + +     Faith    .   a - +0 robe
rPois    ∞         Spirit   .   (no helmet)
rElec    .         Reflect  .   (no cloak)
rCorr    .         Harm     .   (no gloves)
MR       +....                  i - +1 pair of boots
Stlth    ++........             (no amulet)
Regen    0.2/turn               e - ring of protection from fire
MPRegen  0.2/turn               v - +4 ring of strength

@: no status effects
A: no food or potions, fire vulnerability, reduced essence, cold resistance 1,
negative energy resistance 3, torment resistance, unbreathing
a: Recall Ancestor, Ancestor Identity, Renounce Religion


You were in a bailey.
You worshipped Hepliaklqana.
Hepliaklqana was pleased with you.
You were not hungry.

You visited 2 branches of the dungeon, and saw 8 of its levels.
You also visited: Sewer and Bailey.

You collected 368 gold pieces.

Inventory:

Hand Weapons
 h - a +1 hand axe of venom (weapon)
Armour
 a - a +0 robe (worn)
 i - a +1 pair of boots (worn)
 s - a +0 buckler
Jewellery
 e - a ring of protection from fire (left hand)
 v - a +4 ring of strength (right hand)
 w - a +2 ring of intelligence {unknown}
Wands
 k - a wand of confusion (34/48)
 l - a wand of confusion (26/48)
 o - a wand of digging (6/24)
 p - a wand of random effects (23/48)
 r - a wand of polymorph (9/24)
Scrolls
 c - 2 scrolls of blinking {unknown}
 d - 2 scrolls of magic mapping
 f - a scroll of teleportation
 g - 2 scrolls of remove curse
 j - a scroll of recharging {unknown}
 m - a scroll of noise {unknown}
 n - 5 scrolls of identify
 q - a scroll of amnesia {unknown}
 t - a scroll of fear {unknown}
 u - 2 scrolls of random uselessness {unknown}
 x - a scroll of silence {unknown}
 y - a scroll of enchant armour {unknown}
 z - a scroll of brand weapon {unknown}
Books
 b - a book of Callings

   Spells                             Type                      Level
   a - Summon Small Mammal            Summoning                    1
   b - Call Imp                       Summoning                    2
   c - Call Canine Familiar           Summoning                    3
   d - Summon Guardian Golem          Hexes/Summoning              3
   e - Summon Lightning Spire         Summoning/Air                4
   f - Summon Ice Beast               Ice/Summoning                4


   Skills:
 - Level 0.4 Fighting
 - Level 2.1 Dodging
 - Level 1.5 Stealth
 * Level 0.8 Shields
 - Level 8.7 Spellcasting
 - Level 8.2 Summonings
 - Level 3.1 Air Magic


You had 8 spell levels left.
You knew the following spells:

 Your Spells              Type           Power        Failure   Level  Hunger
a - Summon Small Mammal   Summ           ####         1%          1    N/A
b - Call Imp              Summ           #####...     1%          2    N/A
c - Call Canine Familiar  Summ           #####...     1%          3    N/A
d - Summon Guardian Gole  Hex/Summ       ###.....     5%          3    N/A
e - Summon Lightning Spi  Summ/Air       ####....     10%         4    N/A
f - Summon Ice Beast      Ice/Summ       ###.....     17%         4    N/A

Dungeon Overview and Level Annotations

Branches:
Dungeon (7/15)             Temple (1/1) D:5

Altars:
Cheibriados
Elyvilon
Fedhas
Hepliaklqana
Makhleb
Nemelex Xobeh
Okawaru
Ru
Trog
Wu Jian
Xom
Yredelemnul
Zin

Shops:
D:4 %   D:5 :


Innate Abilities, Weirdness & Mutations

You do not eat or drink.
Your flesh is vulnerable to fire.
You are immune to poison.
Your flesh is cold resistant. (rC+)
You are immune to negative energy. (rN+++)
You are immune to unholy pain and torment.
You can survive without breathing.
Your life essence is reduced. (-10% HP)


Message History

You hit the orc wizard.
The orc wizard is poisoned.
The orc wizard is moderately wounded.
Your hound barely misses the orc wizard.
The orc knight is engulfed in blazing flames.
The gnoll hits Sunngifu but does no damage.
The orc hits your white imp but does no damage.
Sunngifu closely misses the gnoll.
The orc wizard hits you with a dagger!
The orc priest hits Sunngifu but does no damage.
Your white imp gestures at the gnoll.
The puff of frost hits the gnoll.
The gnoll dies!
The gnoll's corpse dissolves into shadows!
Your hound bites the orc wizard.
Unknown command.
Unknown command.
The orc warrior is engulfed in blazing flames.
The orc knight is engulfed in blazing flames.
The orc knight hits you from afar with a halberd!!!
Ouch! That really hurt!
You die...

############ #
##.@oo§§hoo.## ##
#..o.§)ooo...######.
#..h)§§§ooo..#..).#R
#∩...o5.gRg.)'..h5)o
#....))o..g..#...)#O
#............######.
##.∩........## ##
############ #


You could see the friendly Sunngifu the knight, 3 orc knights, a warg, 2 orc
warriors, an orc priest, an orc wizard, 3 gnolls, 6 orcs, a friendly hound and a
friendly white imp.

Vanquished Creatures
  An orc (Bailey)
  A kobold (D:3)
  A bat (D:4)
  A rat (D:1)
4 creatures vanquished.

Vanquished Creatures (collateral kills)
  An orc knight (Bailey)
  Prince Ribbit (D:6)
  2 hippogriffs (D:7)
  7 orc warriors
  A phantom (D:5)
  2 centaurs
  3 big kobolds (Sewer)
  Blork the orc (D:6)
  A bullfrog (D:6)
  2 scorpions
  A crimson imp (D:6)
  2 hounds
  A jelly (D:5)
  2 orc priests (D:5)
  4 orc wizards
  An iguana (D:5)
  Natasha (thrice) (D:3)
  6 worker ants
  11 adders
  10 gnolls
  2 shadow imps
  2 adder skeletons
  2 worms
  5 dart slugs
  3 leopard geckos
  49 orcs
  9 giant cockroaches
  12 goblins
  4 hobgoblins
  5 quokkas
  2 ball pythons (Sewer)
  15 bats
  8 frilled lizards
  15 kobolds
  A leopard gecko skeleton (D:4)
  12 rats
208 creatures vanquished.

Vanquished Creatures (others)
  A knight (Bailey)
  2 ancestors
3 creatures vanquished.

Grand Total: 215 creatures vanquished

Notes
Turn   | Place    | Note
-------+----------+-------------------------------------------
     0 | D:1      | MydosGodOfBeginnings the Mummy Summoner began the quest for the Orb.
     0 | D:1      | Reached XP level 1. HP: 13/13 MP: 4/4
   434 | D:1      | Reached XP level 2. HP: 13/19 MP: 1/5
   445 | D:1      | Learned a level 2 spell: Call Imp
  1414 | D:2      | Reached XP level 3. HP: 24/24 MP: 0/7
  1490 | D:2      | Found a bloodstained altar of Trog.
  1490 | D:2      | Found a shimmering altar of Xom.
  1491 | D:2      | Found a sparkling altar of Nemelex Xobeh.
  1565 | D:2      | Learned a level 3 spell: Call Canine Familiar
  1733 | D:2      | Found a glowing silver altar of Zin.
  2595 | D:3      | Reached XP level 4. HP: 26/30 MP: 5/9
  3004 | D:3      | Learned a level 3 spell: Summon Guardian Golem
  3042 | D:3      | Noticed Natasha
  3064 | D:3      | Killed Natasha
  3124 | D:3      | Reached XP level 5. HP: 35/35 MP: 8/11
  3140 | D:3      | Noticed Natasha
  3151 | D:3      | Killed Natasha
  3231 | D:3      | Found a sparkling altar of Nemelex Xobeh.
  3447 | D:3      | Noticed Natasha
  3457 | D:3      | Killed Natasha
  3545 | D:4      | Reached skill level 5 in Summonings
  3553 | D:4      | Learned a level 4 spell: Summon Lightning Spire
  3733 | D:4      | Found Dino Liti's Food Emporium.
  4128 | D:5      | Entered Level 5 of the Dungeon
  4130 | D:5      | Found a staircase to the Ecumenical Temple.
  4142 | D:5      | Found Puosuol's Book Shoppe.
  4191 | Temple   | Entered the Ecumenical Temple
  4265 | Temple   | Became a worshipper of Hepliaklqana the Forgotten
  4345 | D:5      | Found a glowing drain.
  4360 | Sewer    | Entered a sewer
  4448 | Sewer    | Reached skill level 5 in Spellcasting
  4560 | Sewer    | Reached XP level 6. HP: 29/36 MP: 5/13
  5114 | D:5      | Reached * piety under Hepliaklqana
  5131 | D:5      | Reached skill level 1 in Air Magic
  5137 | D:5      | Reached XP level 7. HP: 32/41 MP: 10/15
  5722 | D:6      | Noticed Blork the orc
  5741 | D:6      | Killed Blork the orc
  5765 | D:6      | Found a hazy altar of Hepliaklqana.
  6294 | D:6      | Reached XP level 8. HP: 46/46 MP: 18/18
  6313 | D:6      | Noticed Prince Ribbit
  6325 | D:6      | Killed Prince Ribbit
  6359 | D:6      | Reached ** piety under Hepliaklqana
  6360 | D:6      | Remembered your ancestor Sunngifu as a knight
  6505 | D:7      | Noticed a hippogriff
  6520 | D:7      | Killed a hippogriff
  6596 | D:7      | Noticed a hippogriff
  6609 | D:7      | Killed a hippogriff
  6743 | D:7      | Found a flagged portal.
  6749 | Bailey   | Entered a bailey
  7044 | Bailey   | Noticed an orc knight
  7044 | Bailey   | Noticed an orc knight
  7204 | Bailey   | Learned a level 4 spell: Summon Ice Beast
  7323 | Bailey   | Killed an orc knight
  7323 | Bailey   | Reached XP level 9. HP: 40/52 MP: 7/21
  7419 | Bailey   | Noticed an orc knight
  7422 | Bailey   | Noticed an orc knight
  7422 | Bailey   | Noticed an orc sorcerer
  7458 | Bailey   | Noticed an orc knight
  7466 | Bailey   | Mangled by an orc knight

Vault maps used:
D:1:      elethiomel_arrival_shortcut, minivault_19
D:2:      cheibrodos_old_hovel, gammafunk_temple_overflow_claw,
          lemuel_coloured_pillars_altar, kennysheep_generic_room_2
D:3:      nemelex_diamond_rough_becter, uniq_natasha
D:4:      serial_shops, nicolae_shop_stone, first_bread
D:5:      temple_fountains, portal_sewer_entry_b, serial_shops, shop_fountains
D:6:      basic_altar, uniq_blork_the_orc, uniq_prince_ribbit1
D:7:      kennysheep_steamy, enter_bailey_3, basic_altar
Temple:   dpeg_five_rooms_temple
Sewer:    kennysheep_pipe_town
Bailey:   bailey_polearm_5, bailey

Skill      XL: |  1  2  3  4  5  6  7  8 |
---------------+-------------------------+-----
Spellcasting   | 3 4 5 6 8 |  8.7
Summonings     | 4 5 6 8 |  8.2
Air Magic      | 1 3 |  3.1
Dodging        | 2 |  2.1
Fighting       | |  0.4
Stealth        | |  1.5
Shields        | |  0.8

Action                   |  1- 3 |  4- 6 |  7- 9 || total
-------------------------+-------+-------+-------++-------
Melee: Unarmed           |    22 |    23 |     3 ||    48
       Hand axe          |       |       |     1 ||     1
 Cast: Summon Small Mamm |    51 |       |       ||    51
       Call Imp          |    15 |    32 |    27 ||    74
       Call Canine Famil |    11 |    21 |    21 ||    53
       Summon Guardian G |       |     3 |    20 ||    23
       Summon Lightning  |       |       |     9 ||     9
Invok: Recall Ancestor   |       |     1 |     3 ||     4
       Ancestor Life: Kn |       |       |     1 ||     1
  Use: Scroll            |     1 |     3 |     1 ||     5
 Stab: Sleeping          |       |     1 |       ||     1
Armor: Robe              |    25 |     9 |     1 ||    35
Dodge: Dodged            |    71 |    35 |    25 ||   131
